 Dungeon Crawl Stone Soup version 0.29.0-13-gc9e81de378 (webtiles) character file.

Game seed: 7173803243135620236

36 Artool the Cudgeller (level 3, -1/28 HPs)
             Began as a Demonspawn Gladiator on Sept 7, 2022.
             Slain by a howler monkey (2 damage)
             ... on level 1 of the Dungeon.
             The game lasted 00:02:41 (1263 turns).

Artool the Cudgeller (Demonspawn Gladiator)         Turns: 1263, Time: 00:02:41

Health: -1/28      AC:  6    Str: 16    XL:     3   Next: 19%
Magic:  3/3        EV: 12    Int:  9    God:
Gold:   28         SH:  0    Dex: 14    Spells: 2/2 levels left

rFire   . . .      SeeInvis .   o - +0 whip
rCold   . . .      Faith    .   (no shield)
rNeg    . . .      Spirit   .   b - +0 leather armour
rPois   .          Reflect  .   (helmet restricted)
rElec   .          Harm     .   (no cloak)
rCorr   .          Rampage  .   (no gloves)
Will    .....                   n - +0 pair of boots
Stlth   +.........              (no amulet)
HPRegen 0.09/turn               (no ring)
MPRegen 0.08/turn               (no ring)

@: no status effects
A: antennae 1, icy blue scales 1
a: no special abilities


You were on level 1 of the Dungeon.
You visited 1 branch of the dungeon, and saw 2 of its levels.

You collected 28 gold pieces.

Inventory:

Hand Weapons
 o - a +0 whip (weapon)
Missiles
 d - 3 throwing nets (quivered)
 e - a javelin
 l - 5 datura-tipped darts
Armour
 b - a +0 leather armour (worn)
 n - a +0 pair of boots (worn)
Scrolls
 f - a scroll of poison {unknown}
 h - a scroll of teleportation {unknown}
 i - a scroll of vulnerability {unknown}
 m - 2 scrolls of enchant armour {unknown}
Potions
 g - a potion of heal wounds {unknown}
 j - a potion of attraction {unknown}
 k - a potion of curing {unknown}


   Skills:
 + Level 2.4 Fighting
 + Level 3.1 Maces & Flails
 + Level 1.8 Throwing
 + Level 1.0 Armour
 + Level 3.0 Dodging


You had 2 spell levels left.
You didn't know any spells.
Your spell library was empty.

Dungeon Overview and Level Annotations

Branches:
Dungeon (2/15)

Altars:


Innate Abilities, Weirdness & Mutations

You have a pair of small antennae on your head.
You are partially covered in icy blue scales. (AC +2)


Message History

You hit the howler monkey.
The howler monkey is almost dead.
The frilled lizard closely misses you. The howler monkey hits you.
The rat bites you but does no damage. The frilled lizard closely misses you.
The howler monkey hits you.
* * * LOW HITPOINT WARNING * * *
You climb upwards.
There is a stone staircase leading down here.
You closely miss the frilled lizard. The howler monkey barely misses you.
The rat bites you.
* * * LOW HITPOINT WARNING * * *
The frilled lizard misses you.
You closely miss the frilled lizard. The howler monkey hits you.
* * * LOW HITPOINT WARNING * * *
The rat bites you but does no damage. The frilled lizard closely misses you.
You completely miss the frilled lizard.
The howler monkey hoots and howls with incredible vigour!
The rat misses you. The frilled lizard barely misses you.
You hit the frilled lizard.
You kill the frilled lizard!
The howler monkey hoots and howls with incredible vigour!
The rat bites you but does no damage. The howler monkey closely misses you.
The howler monkey attacks as you move away!
The howler monkey barely misses you.
Items here: ) [ †††.
You completely miss the howler monkey.
The howler monkey is almost dead.
The howler monkey hoots and howls with incredible vigour!
You closely miss the howler monkey.
The howler monkey is almost dead.
The howler monkey hits you.
* * * LOW HITPOINT WARNING * * *
You barely miss the howler monkey.
The howler monkey is almost dead.
The howler monkey hits you.
* * * LOW HITPOINT WARNING * * *
You hit the howler monkey but do no damage.
The howler monkey is almost dead.
The howler monkey hits you.
You die...

##### #...# #######
#####...##########.....#
................@hr....#
#####(..##########.....##
###
#####........#.####.###
..# #........#[...#...#
..# #...........#.#.#.#
..# #........#..#.#.#.#
..# #######+##..#.....#
..#
##########.##....#.###
..# #.......##.##.#.....#


You could see a howler monkey and a rat.

Vanquished Creatures
  A dart slug (D:1)
  5 ball pythons (D:1)
  6 bats
  An endoplasm (D:1)
  3 hobgoblins
  4 jackals (D:1)
  A quokka (D:1)
  A frilled lizard (D:1)
  A goblin (D:1)
  4 kobolds
  5 rats (D:1)
32 creatures vanquished.

Notes
Turn   | Place    | Note
-------+----------+-------------------------------------------
     0 | D:1      | Artool the Demonspawn Gladiator began the quest for the
                  | Orb.
     0 | D:1      | Reached XP level 1. HP: 16/16 MP: 1/1
    96 | D:1      | Gained mutation: You have a pair of small antennae on your
                  | head. [demonic ancestry]
    96 | D:1      | Reached XP level 2. HP: 15/22 MP: 2/2
   575 | D:1      | Found a faded altar of an unknown god.
   985 | D:2      | Reached skill level 1 in Armour
   985 | D:2      | Gained mutation: You are partially covered in icy blue
                  | scales. (AC +2) [demonic ancestry]
   985 | D:2      | Reached XP level 3. HP: 28/28 MP: 3/3
  1262 | D:1      | HP: 1/28 [howler monkey (2)]
  1263 | D:1      | Slain by a howler monkey

Illustrated notes

Levels and vault maps discovered:
D:1:      moated_graveyard_arrival, layout_basic,
          hellmonk_ecumenical_altar_inner_sanctum
D:2:      layout_rooms, basic_altar

Skill      XL: |  1  2 |
---------------+-------+-----
Maces & Flails | 3 |  3.1
Dodging        | 3 |  3.0
Armour         | 1 |  1.0
Fighting       | |  2.4
Throwing       | |  1.8

Action                   || total
-------------------------++-------
Melee: Flail             ||    66
       Whip              ||    16
       Punch             ||     1
 Stab: Sleeping          ||     1
Armor: Leather armour    ||    36
Dodge: Dodged            ||    86
